 Dungeon Crawl Stone Soup version 0.30-a0-347-gf58ed5266c (webtiles) character file.

Game seed: 6472608417824735848

2687 quinnr the Frost Mage (level 9, 0/112 HPs)
             Began as a Naga Ice Elementalist on Nov 6, 2022.
             Slain by a centaur (1 damage)
             ... on level 7 of the Dungeon.
             The game lasted 00:29:01 (8557 turns).

quinnr the Frost Mage (Naga Ice Elementalist)       Turns: 8557, Time: 00:29:03

Health: 0/112      AC:  7    Str: 12    XL:     9   Next: 64%
Magic:  9/16       EV: 11    Int: 21    God:
Gold:   230        SH:  0    Dex: 13    Spells: 9/18 levels left

rFire   . . .      SeeInvis +    e - +9 spear of Parts Unknown {pain, rElec rC+ Str+2 Dex+2}
rCold   + . .      Faith    .    (no shield)
rNeg    . . .      Spirit   .    a - +0 robe
rPois   +          Reflect  .    x - +1 helmet
rElec   +          Harm     .    p - +0 cloak
rCorr   .          Rampage  .    (no gloves)
Will    +....                    (no barding)
Stlth   ..........               (no amulet)
HPRegen 0.38/turn                (no ring)
MPRegen 0.15/turn                (no ring)

@: brilliant, berserking, lethally poisoned (0 -> -2), marked, attractive,
flying, hasted, quick
A: AC +3, large, see invisible, deformed body, poison resistance, slowness 2,
spit poison 1, naga tail 1
a: Spit Poison


You were on level 7 of the Dungeon.
You visited 1 branch of the dungeon, and saw 7 of its levels.
You also visited: Sewer.

You collected 230 gold pieces.


Innate Abilities, Weirdness & Mutations

Your serpentine skin is tough. (AC +3)
You have supernaturally acute eyesight. (SInv)
Armour fits poorly on your strangely shaped body.
Your system is resistant to poisons. (rPois)
You cover ground very slowly.
You can spit poison.
You have a snake-like lower body.


   Skills:
 - Level 3.0 Fighting
 + Level 4.8 Dodging
 - Level 5.0 Stealth
 - Level 5.0 Spellcasting
 - Level 3.0 Hexes
 - Level 9.0 Ice Magic
 - Level 4.0 Evocations


You had 9 spell levels left.
You knew the following spells:

 Your Spells              Type           Power      Damage    Failure   Level
e - Ensorcelled Hibernat  Hex/Ice        90%        N/A       1%          2
f - Freeze                Ice            100%       1d10      1%          1
o - Ozocubu's Armour      Ice            59%        N/A       1%          3
r - Frozen Ramparts       Ice            100%       1d16      1%          3

Your spell library contained the following spells:

 Spells                   Type           Power      Damage    Failure   Level
 Necrotise                Necr           28%        1d5       11%         1
 Passwall                 Tmut/Erth      5%         N/A       16%         2
 Summon Ice Beast         Ice/Summ       36%        N/A       17%         4
 Swiftness                Air            7%         N/A       32%         3
 Vampiric Draining        Necr           7%         2d6       32%         3
 Agony                    Necr           7%         N/A       96%         5

Inventory:

Hand Weapons
 e - the +9 spear of Parts Unknown (weapon) {pain, rElec rC+ Str+2 Dex+2}
   (You found it on level 2 of the Dungeon)

   In the hands of one skilled in necromantic magic, it inflicts extra damage on
   living creatures.
   Str:       It affects your strength (+2).
   Dex:       It affects your dexterity (+2).
   rC:        It protects you from cold.
   rElec:     It insulates you from electricity.
Missiles
 d - 19 poisoned darts (quivered)
 u - 2 curare-tipped darts {=f}
Armour
 a - a +0 robe (worn)
 p - a +0 cloak (worn)
 x - a +1 helmet (worn)
Jewellery
 F - a ring of protection from fire
Wands
 l - a wand of flame (24)
Scrolls
 f - 2 scrolls of butterflies {unknown}
 g - a scroll of amnesia {unknown}
 i - 3 scrolls of teleportation {@r2}
 q - 2 scrolls of torment
Potions
 b - a potion of magic
 c - a potion of cancellation {unknown}
 j - a potion of ambrosia {unknown}
 k - 2 potions of curing {unknown}
 m - a potion of degeneration {unknown}
 o - 2 potions of flight
 s - a potion of heal wounds {unknown}
 t - 2 potions of might {unknown}
 v - a potion of haste {@q3}
 A - a potion of attraction
 C - a potion of lignification {unknown}

Dungeon Overview and Level Annotations

Branches:
Dungeon (7/15)             Temple (0/1) D:7           Sewer (visited)

Altars:
Elyvilon

Shops:
D:4 (

Annotations:
D:4 exclusion: downstairs

###########***** #.§........,,,,*
***########.##░########*,*
*,,......!....).......#*,*
*,,,..▒▒▒▒....░.).▒▒..#*,****
*,,,*** ▒....▒...▒*▒.#,,,,,,
*,,*▒▒▒▒▒░.YSs▒▒..▒▒▒.#,,,,,,
*,,*▒......W@▒▒▒......#,,,,,, **
*,**▒....░.c.▒ ▒▒.....#,,,,,,
,****,* ▒....▒...▒ ▒▒▒...#,,,,,,
,,,,*,* ▒.c.▒▒..▒▒ ▒▒▒░.░,,,,,,
,,,,*,**░.░▒*▒..▒ ▒▒▒▒....#,,,,,,
***,*,,...,,,..▒▒*▒.......#,,,,,,
,,***,...,,,..▒▒*,........#>,,,,,
*,,,*,...,,$▒▒▒▒.........†#,,,,,,
,**,*,,,,**** ▒..▒▒▒░.░▒▒.#**,,**


You could see a water moccasin, an ice beast (blind), a phantom (blind), a
centaur and a scorpion.


Message History

It was a potion of attraction.
You feel attractive to monsters.
You feel very sick. The water moccasin misses you.
The phantom barely misses you.
The ice beast hits you but does no damage.
Okay, then.
It was a potion of brilliance.
You feel clever all of a sudden.
You feel sick. The water moccasin bites you.
* * * LOW HITPOINT WARNING * * *
The scorpion barely misses you. The phantom barely misses you.
The centaur unwields a +0 shortbow.
The centaur hits you but does no damage.
The centaur kicks you but does no damage.
The ice beast barely misses you. The water moccasin closely misses you.
It was a potion of haste.
You feel yourself speed up.
You feel sick. The scorpion stings you.
* * * LOW HITPOINT WARNING * * *
The water moccasin bites you but does no damage.
The centaur closely misses you. The centaur misses you.
The phantom hits you but does no damage.
The ice beast hits you but does no damage.
It was a potion of berserk rage.
A red film seems to cover your vision as you go berserk!
You feel yourself moving faster!
You feel mighty!
* * * LOW HITPOINT WARNING * * *
You feel sick.
The centaur hits you but does no damage.
The centaur kicks you.
You die...

Skill      XL: |  1  2  3  4  5  6  7  8  9 |
---------------+----------------------------+-----
Stealth        | 4 5 |  5.0
Hexes          | 1 3 |  3.0
Spellcasting   | 3 5 |  5.0
Ice Magic      | 5 7 9 |  9.0
Fighting       | 1 2 3 |  3.0
Dodging        | 2 3 4 |  4.8
Evocations     | 2 4 |  4.0

Action                   |  1- 3 |  4- 6 |  7- 9 || total
-------------------------+-------+-------+-------++-------
Melee: Unarmed           |    14 |       |       ||    14
       Spear             |     5 |    16 |    55 ||    76
Throw: Dart              |     6 |     3 |    21 ||    30
 Cast: Freeze            |    39 |    43 |    61 ||   143
       Frozen Ramparts   |     2 |    20 |    47 ||    69
       Ensorcelled Hiber |     1 |    10 |    31 ||    42
       Ozocubu's Armour  |       |       |    23 ||    23
Evoke: Wand              |       |       |     6 ||     6
  Use: Scroll            |       |     1 |     9 ||    10
       Potion            |       |       |     6 ||     6
 Stab: Sleeping          |     2 |     1 |     7 ||    10
Armor: Robe              |     9 |    18 |    89 ||   116
Dodge: Dodged            |    28 |    37 |   143 ||   208

Levels and vault maps discovered:
D:1:      saegor_arrival_simple_a, layout_loops_ring, minmay_misc_feat_x
D:2:      layout_basic, uniq_sigmund
D:3:      layout_loops_corners, uniq_natasha, uniq_jessica,
          uniq_crazy_yiuf_cottage
D:4:      layout_basic, serial_shops, shop, portal_sewer_entry_d, minivault_4,
          nrook_uturn, minmay_tree_intersection, minmay_circle_x
D:5:      layout_basic, elyvilon_altar_1
D:6:      layout_cave_pools, hangedman_decor_growths, columned_hall_lemuel
D:7:      minmay_recursive_quarters, layout_rooms,
          minmay_temple_entry_overgrown, chequers_ossuary_entry_cave,
          guppyfry_early_elven_hall

Notes
Turn   | Place    | Note
-------+----------+-------------------------------------------
     0 | D:1      | quinnr the Naga Ice Elementalist began the quest for the
                  | Orb.
     0 | D:1      | Reached XP level 1. HP: 15/15 MP: 3/3
   277 | D:1      | Reached XP level 2. HP: 22/22 MP: 0/5
   951 | D:2      | Reached XP level 3. HP: 20/28 MP: 1/6
  1022 | D:2      | Identified the +9 spear of Parts Unknown {pain, rElec rC+
                  | Str+2 Dex+2}
  1122 | D:2      | Learned a level 2 spell: Ensorcelled Hibernation
  1126 | D:2      | Learned a level 3 spell: Frozen Ramparts
  1253 | D:2      | Noticed Sigmund
  1397 | D:2      | Reached skill level 4 in Stealth
  1516 | D:3      | Noticed Natasha
  1526 | D:3      | Killed Natasha
  1527 | D:3      | Reached skill level 1 in Hexes
  1527 | D:3      | Reached XP level 4. HP: 25/36 MP: 2/8
  1967 | D:3      | Noticed Jessica
  2411 | D:3      | Noticed Natasha
  2428 | D:3      | Killed Natasha
  2429 | D:3      | Reached XP level 5. HP: 29/42 MP: 0/9
  2592 | D:3      | Found a runed translucent door.
  2593 | D:3      | Noticed Crazy Yiuf
  2621 | D:3      | Reached skill level 3 in Spellcasting
  2700 | D:3      | Noticed Natasha
  2706 | D:3      | Killed Natasha
  2707 | D:3      | Reached skill level 2 in Hexes
  3079 | D:3      | Killed Jessica
  3185 | D:3      | Killed Crazy Yiuf
  3186 | D:3      | Reached skill level 5 in Stealth
  3315 | D:4      | Reached skill level 3 in Hexes
  3315 | D:4      | Reached skill level 5 in Ice Magic
  3315 | D:4      | Reached XP level 6. HP: 27/49 MP: 0/10
  3378 | D:4      | Found Hituizet's Antique Weapon Boutique.
  3460 | D:4      | Reached skill level 1 in Fighting
  3460 | D:4      | Reached skill level 2 in Dodging
  3644 | D:4      | Found a glowing drain.
  3655 | Sewer    | Entered a sewer
  3718 | Sewer    | Learned a level 3 spell: Ozocubu's Armour
  3735 | Sewer    | Reached XP level 7. HP: 53/57 MP: 7/11
  4123 | Sewer    | Reached skill level 3 in Dodging
  4123 | Sewer    | Reached skill level 6 in Ice Magic
  4982 | D:5      | Entered Level 5 of the Dungeon
  5027 | D:5      | Reached skill level 7 in Ice Magic
  5227 | D:2      | Killed Sigmund
  5228 | D:2      | Reached XP level 8. HP: 50/64 MP: 2/12
  5680 | D:5      | Reached skill level 8 in Ice Magic
  6173 | D:5      | Reached skill level 9 in Ice Magic
  6406 | D:5      | Found a white marble altar of Elyvilon.
  6496 | D:5      | Reached skill level 1 in Evocations
  6906 | D:6      | Reached skill level 2 in Fighting
  7219 | D:6      | Reached skill level 2 in Evocations
  7337 | D:6      | Reached XP level 9. HP: 55/74 MP: 6/14
  7467 | D:6      | Identified the +8 short sword of Utatuogosch {flame, rN++
                  | Str+2 Dex-3}
  7689 | D:6      | Reached skill level 4 in Spellcasting
  7827 | D:6      | Reached skill level 3 in Fighting
  8115 | D:6      | Reached skill level 4 in Dodging
  8129 | D:6      | Reached skill level 3 in Evocations
  8526 | D:7      | Reached skill level 4 in Evocations
  8528 | D:7      | Reached skill level 5 in Spellcasting
  8556 | D:7      | HP: 6/75 [poisoned by a water moccasin]
  8556 | D:7      | HP: 1/75 [scorpion (5)]
  8557 | D:7      | Slain by a centaur

Vanquished Creatures
  Sigmund (D:2)
  3 black bears
  An ice beast (D:7)
  An ogre (D:5)
  5 centaurs
  A phantom (D:7)
  3 kobold brigands
  2 bullfrogs (D:7)
  3 necrophages
  3 scorpions
  2 howler monkeys
  3 hounds
  4 jellies
  A gnoll bouda (D:6)
  2 orc priests (D:6)
  Crazy Yiuf (D:3)
  Jessica (D:3)
  Natasha (thrice) (D:3)
  4 iguanas
  4 orc wizards (D:6)
  6 adders
  3 gnolls (D:6)
  3 ufetubi
  A worm (D:4)
  A dart slug (D:2)
  16 orcs
  10 ball pythons
  12 bats
  4 endoplasms
  5 giant cockroaches
  5 goblins
  8 hobgoblins
  6 jackals
  25 kobolds
  3 quokkas
  A frilled lizard (D:1)
157 creatures vanquished.

Vanquished Creatures (others)
  2 plants (Sewer)
2 creatures vanquished.

Grand Total: 159 creatures vanquished

Table legend: (Time is in decaauts)
 A = Elapsed time spent in this place.
 B = Non-inter-level travel time spent in this place.
 C = Inter-level travel time spent in this place.
 D = Time resting spent in this place.
 E = Time spent auto-exploring this place.
 F = Levels seen in this place.
 G = Mean time per level.
                   A        B        C        D        E       F      G
               +--------+--------+--------+--------+--------+-----+--------+
         Total |  10435 |   9719 |    716 |    520 |   7268 |   8 | 1304.4 |
       Dungeon |   9686 |   8970 |    716 |    464 |   6726 |   7 | 1383.7 |
         Sewer |    749 |    749 |      0 |     56 |    541 |   1 |  749.0 |
               +--------+--------+--------+--------+--------+-----+--------+

Top non-repeatable levels by time:
     D:3: 2097 daAuts
     D:5: 1777 daAuts
     D:6: 1578 daAuts
     D:4: 1541 daAuts
     D:2: 1339 daAuts
     D:1: 1089 daAuts
   Sewer: 749 daAuts
     D:7: 262 daAuts

Table legend:
 A = Non-vault XP
 B = Vault XP
 C = Vault XP percentage of total XP
 D = Non-vault monster count
 E = Vault monster count
 F = Vault count percentage of total count
                 A         B        C        D         E       F
            +---------+---------+-------+---------+---------+-------
      Total |    2891 |     948 |  24.7 |     121 |      36 |  22.9
            +---------+---------+-------+---------+---------+-------
        D:1 |      25 |       0 |   0.0 |      14 |       0 |   0.0
        D:2 |      39 |     226 |  85.3 |      15 |       1 |   6.2
        D:3 |     116 |     113 |  49.3 |      19 |       3 |  13.6
        D:4 |     321 |     134 |  29.5 |      20 |       6 |  23.1
        D:5 |     872 |       0 |   0.0 |      14 |       0 |   0.0
        D:6 |     795 |       0 |   0.0 |      27 |       0 |   0.0
        D:7 |     723 |     252 |  25.8 |      12 |       4 |  25.0
      Sewer |       0 |     223 | 100.0 |       0 |      22 | 100.0
            +---------+---------+-------+---------+---------+-------
